[Event "Austrian Women Bundesliga 2023-24"]
[Site "Austria"]
[Date "2024.03.24"]
[Round "6.18"]
[White "Kopinits, Anna-Christina"]
[Black "Rojickova, Monika"]
[Result "0-1"]
[ECO "A00"]
[WhiteElo "2170"]
[BlackElo "2056"]
[Annotator "RC"]
[PlyCount "92"]
[EventDate "2023.11.21"]
[EventType "team-tourn"]
[EventCountry "AUT"]
[SourceTitle "playchess.com"]
[Source "ChessBase"]
[SourceQuality "1"]
[TimeControl "40/5400+30:1800+30"]

1. Nc3 d5 2. e4 d4 3. Nce2 e5 4. Ng3 Be6 5. Nf3 Bd6 6. Bb5+ c6 7. Ba4 Nd7 8. Bb3 Nc5 9. Bxe6 Nxe6 10. d3 Ne7 11. O-O Qd7 12. c3 c5 13. Ng5 Nxg5 14. Bxg5 f6 15. Bd2 O-O-O 16. cxd4 cxd4 17. a4 Kb8 18. Qb3 h5 19. Ne2 g5 20. a5 h4 21. a6 b6 22. Rac1 Rhg8 23. Rc2 f5 24. exf5 Qxf5 25. Ba5 Qd7 26. Rfc1 Rc8 27. Bd2 Rxc2 28. Rxc2 Qf5 29. Ba5 Qd7 30. Kf1 Rf8 31. Bb4 Bxb4 32. Qxb4 Rf7 33. Kg1 Nd5 34. Qc4 Rf6 35. b4 Rf8 36. Qb3 Qb5 37. h3 Rd8 38. Rc4 Qxa6 39. Kh2 Qb7 40. Ng1 Nf4 41. Nf3 g4 42. Ne1 gxh3 43. gxh3 Qd7 44. Rc2 Qxh3+ 45. Kg1 Qg4+ 46. Kh1 Rg8 0-1

[Event "Austrian Women Bundesliga 2023-24"]
[Site "Austria"]
[Date "2024.03.24"]
[Round "6.19"]
[White "Manko, Mariya"]
[Black "Kushka, Alena"]
[Result "1-0"]
[ECO "A56"]
[WhiteElo "2209"]
[BlackElo "2146"]
[Annotator "RC"]
[PlyCount "107"]
[EventDate "2023.11.21"]
[EventType "team-tourn"]
[EventCountry "AUT"]
[SourceTitle "playchess.com"]
[Source "ChessBase"]
[SourceQuality "1"]
[TimeControl "40/5400+30:1800+30"]

1. d4 Nf6 2. c4 c5 3. d5 g6 4. Nc3 Bg7 5. g3 d6 6. Bg2 O-O 7. Nf3 e6 8. O-O exd5 9. cxd5 Re8 10. Bf4 h6 11. Qc1 g5 12. Be3 Bf5 13. h4 g4 14. Nd2 Rxe3 15. fxe3 Bg6 16. Nc4 Qe7 17. Nb5 Ne8 18. a4 Nd7 19. e4 a6 20. Nc3 Ne5 21. Ne3 Nf6 22. Nf5 Bxf5 23. Rxf5 Ng6 24. h5 Nf8 25. Qf4 N8d7 26. Rf1 Rf8 27. Nd1 b5 28. Ne3 Kh8 29. b3 Kh7 30. Kh2 Rg8 31. Kh1 Rf8 32. axb5 axb5 33. Rxf6 Nxf6 34. Nf5 Qe5 35. Qxe5 dxe5 36. Ra1 Rb8 37. Ra7 Kg8 38. Ne7+ Kf8 39. Nc6 Rc8 40. d6 c4 41. bxc4 bxc4 42. Rc7 Ra8 43. d7 Nxd7 44. Rxd7 Ra1+ 45. Bf1 Bf6 46. Kg2 c3 47. Nb4 Bg5 48. Rc7 Bd2 49. e3 Rb1 50. Nd3 f6 51. Be2 Bxe3 52. Rxc3 Bd4 53. Rc2 Rb3 54. Nf2 1-0

[Event "Austrian Women Bundesliga 2023-24"]
[Site "Austria"]
[Date "2024.03.24"]
[Round "6.20"]
[White "Kejzar, Petra"]
[Black "Kurapova, Olga"]
[Result "1-0"]
[ECO "D23"]
[WhiteElo "2049"]
[BlackElo "1970"]
[Annotator "RC"]
[PlyCount "67"]
[EventDate "2023.11.21"]
[EventType "team-tourn"]
[EventCountry "AUT"]
[SourceTitle "playchess.com"]
[Source "ChessBase"]
[SourceQuality "1"]
[TimeControl "40/5400+30:1800+30"]

1. d4 d5 2. c4 dxc4 3. Nf3 Nf6 4. g3 Nc6 5. Bg2 e5 6. Qa4 Bb4+ 7. Bd2 Bxd2+ 8. Nbxd2 Bd7 9. dxe5 Nxe5 10. Qc2 Bc6 11. O-O Nxf3+ 12. exf3 O-O 13. Nxc4 Qd5 14. b4 Qh5 15. Qc3 Rad8 16. Na5 Bb5 17. Rfe1 Nd5 18. Qc5 Ba6 19. b5 b6 20. Qc4 Bc8 21. Nc6 Rd6 22. f4 Be6 23. Re5 Nf6 24. Qc2 Qh6 25. h4 Nd7 26. Ne7+ Kh8 27. Qxc7 Rd2 28. Qc3 Nxe5 29. Qxd2 Nc4 30. Qb4 Re8 31. Re1 Rd8 32. Nc6 Qf6 33. Nxd8 Qxd8 34. Rxe6 1-0

[Event "Austrian Women Bundesliga 2023-24"]
[Site "Austria"]
[Date "2024.04.12"]
[Round "7"]
[White "Danielian, Elina"]
[Black "Teuschler, Barbara"]
[Result "1-0"]
[ECO "A15"]
[WhiteElo "2396"]
[BlackElo "2048"]
[Annotator "TA"]
[PlyCount "59"]
[EventDate "2023.11.21"]
[EventType "team-tourn"]
[EventCountry "AUT"]
[SourceTitle "playchess.com"]
[Source "ChessBase"]
[SourceQuality "1"]
[TimeControl "40/5400+30:1800+30"]

1. Nf3 Nf6 2. c4 b6 3. g3 Bb7 4. Bg2 g6 5. O-O Bg7 6. d4 O-O 7. d5 c6 8. Nc3 cxd5 9. cxd5 e6 {[%emt 0:02:10] White is slightly better.} 10. e4 Na6 11. Re1 Nc5 12. Bf4 a5 13. Qd2 {[%emt 0:09:46] White is more active.} (13. Nd4 $16) 13... Re8 14. Bg5 Qb8 15. Nd4 exd5 16. exd5 Rxe1+ $1 17. Rxe1 Qf8 18. Ndb5 Re8 19. Rxe8 Nxe8 20. Bd8 {[%emt 0:21:16] aiming for Qe1.} Nd6 $1 {[%emt 0:00:43] Hoping for ...Nxb5.} 21. Bxb6 Nc4 $132 {[%emt 0:00:22][%csl LRb6,LRd2][%mdl 2048] Black has counterplay} 22. Bxc5 Qxc5 23. Qe2 (23. Qe1 $5) 23... Nb6 (23... Ba6 $11) 24. Qe8+ $14 Bf8 25. h4 h5 {[%emt 0:11:02] [#] This costs Black the game.} ({Black should play} 25... Ba6 $14 26. Ne4 Qc1+ (26... Qxb5 27. Ng5) 27. Kh2 Qc8 (27... Bxb5 $2 28. Ng5 $18) 28. Qxc8 Bxc8) 26. Ne4 $1 $18 {[%emt 0:02:19][%cal Bc3e4,Be4f6,Bf6e8][%mdl 32] A dynamic duo of knights.} ({Don't do} 26. d6 $6 Bxg2 27. Kxg2 Qc6+ 28. Qe4 Qc5 $14) 26... Qe7 (26... Qxb5 $2 {loses.} 27. Nd6 $18) 27. Qxe7 Bxe7 {[%emt 0:00:01] [#]} 28. d6 Bf8 (28... Bd8 {is more resistant.} 29. Nc5 Bxg2 30. Kxg2 f5) 29. Nf6+ Kg7 30. Ne8+ {[%emt 0:00:05] Weighted Error Value: White=0.12 (very precise) /Black=0.45.  Mistake:       	White=1     	Black=3      Inaccurate:     	White=5     	Black=3      OK:         	White=7     	Black=2      Best:        	White=5     	Black=3      Strong:       	White=1     	Black=2} 1-0

[Event "Austrian Women Bundesliga 2023-24"]
[Site "Austria"]
[Date "2024.04.12"]
[Round "7"]
[White "Matnadze Bujiashvili, Ann"]
[Black "Stadlinger, Lea"]
[Result "1-0"]
[ECO "E06"]
[WhiteElo "2359"]
[BlackElo "1936"]
[Annotator "RC"]
[PlyCount "49"]
[EventDate "2023.11.21"]
[EventType "team-tourn"]
[EventCountry "AUT"]
[SourceTitle "playchess.com"]
[Source "ChessBase"]
[SourceQuality "1"]
[TimeControl "40/5400+30:1800+30"]

1. d4 d5 2. g3 e6 3. Bg2 Nf6 4. Nf3 Be7 5. c4 O-O 6. Nc3 dxc4 7. Ne5 Nbd7 8. Nxc4 Rb8 9. O-O b6 10. Nb5 a6 11. Na7 Bb7 12. Bxb7 Rxb7 13. Nc6 Qe8 14. Qc2 Nd5 15. Bd2 N7f6 16. N4e5 Bd6 17. e4 Ne7 18. Nxe7+ Bxe7 19. Nc6 Nd7 20. a3 Kh8 21. Rac1 a5 22. Bf4 Bd6 23. e5 Be7 24. Qe4 f5 25. Qg2 1-0

[Event "Austrian Women Bundesliga 2023-24"]
[Site "Austria"]
[Date "2024.04.12"]
[Round "7"]
[White "Unuk, Laura"]
[Black "Cvitan, Ena"]
[Result "1/2-1/2"]
[ECO "D00"]
[WhiteElo "2341"]
[BlackElo "2252"]
[Annotator "RC"]
[PlyCount "20"]
[EventDate "2023.11.21"]
[EventType "team-tourn"]
[EventCountry "AUT"]
[SourceTitle "playchess.com"]
[Source "ChessBase"]
[SourceQuality "1"]
[TimeControl "40/5400+30:1800+30"]

1. d4 d5 2. Bf4 c5 3. e3 Nc6 4. Nf3 cxd4 5. exd4 Nf6 6. c3 Nh5 7. Be3 Nf6 8. Bf4 Nh5 9. Be3 Nf6 10. Bf4 Nh5 1/2-1/2

[Event "Austrian Women Bundesliga 2023-24"]
[Site "Austria"]
[Date "2024.04.12"]
[Round "7"]
[White "Radeva, Viktoria"]
[Black "Kejzar, Petra"]
[Result "1-0"]
[ECO "B32"]
[WhiteElo "2315"]
[BlackElo "2049"]
[Annotator "RC"]
[PlyCount "167"]
[EventDate "2023.11.21"]
[EventType "team-tourn"]
[EventCountry "AUT"]
[SourceTitle "playchess.com"]
[Source "ChessBase"]
[SourceQuality "1"]
[TimeControl "40/5400+30:1800+30"]

1. e4 c5 2. Nf3 Nc6 3. d4 cxd4 4. Nxd4 e5 5. Nb5 d6 6. c4 Be6 7. N1c3 a6 8. Na3 g6 9. Nc2 Bg7 10. Be2 Nf6 11. O-O O-O 12. Be3 Rc8 13. f3 Nh5 14. Nd5 Nd4 15. Nxd4 exd4 16. Bxd4 Bxd4+ 17. Qxd4 Bxd5 18. exd5 Re8 19. Rfe1 b5 20. Bf1 Rxe1 21. Rxe1 Qa5 22. Re7 Qxa2 23. cxb5 axb5 24. Bxb5 Ng7 25. Bd3 Qa1+ 26. Kf2 Qd1 27. Qf4 Rf8 28. Qc4 Qh1 29. h3 Nh5 30. Bf1 Qh2 31. Qg4 Rb8 32. b4 Qf4 33. Qxf4 Nxf4 34. b5 Nxd5 35. Re4 Nb6 36. Ke3 Kf8 37. Kd4 Ra8 38. Re1 Ra3 39. Rc1 Ra4+ 40. Ke3 Ke7 41. Rc7+ Ke6 42. Rc6 Nd5+ 43. Kf2 Ra2+ 44. Kg1 Ne3 45. Bc4+ Nxc4 46. Rxc4 Rb2 47. Re4+ Kd7 48. Rf4 f5 49. Ra4 Ke6 50. Ra7 d5 51. Rxh7 d4 52. Kf1 Rxb5 53. Ke2 Rb2+ 54. Kd3 Rxg2 55. Kxd4 Re2 56. Kd3 Re1 57. Kd2 Re5 58. Rh8 Kf7 59. Ra8 Kf6 60. Ra4 Re7 61. h4 Kg7 62. Ra5 Kh6 63. Ra8 Re6 64. Rh8+ Kg7 65. Ra8 f4 66. Ra4 Rf6 67. Ke2 Kh6 68. Ra8 Re6+ 69. Kf2 Rb6 70. Rf8 Rb2+ 71. Kg1 Rb4 72. Kg2 Kg7 73. Ra8 Rb2+ 74. Kh3 Rb4 75. Kg4 Rc4 76. Re8 Kf6 77. Rf8+ Ke5 78. Kg5 Ra4 79. Kxg6 Ra3 80. Rf5+ Kd4 81. Rxf4+ Ke3 82. Rf6 Ra1 83. h5 Rg1+ 84. Kf7 1-0

[Event "Austrian Women Bundesliga 2023-24"]
[Site "Austria"]
[Date "2024.04.12"]
[Round "7"]
[White "Urh, Zala"]
[Black "Polterauer, Chiara"]
[Result "1/2-1/2"]
[ECO "A48"]
[WhiteElo "2263"]
[BlackElo "2194"]
[Annotator "RC"]
[PlyCount "107"]
[EventDate "2023.11.21"]
[EventType "team-tourn"]
[EventCountry "AUT"]
[SourceTitle "playchess.com"]
[Source "ChessBase"]
[SourceQuality "1"]
[TimeControl "40/5400+30:1800+30"]

1. d4 Nf6 2. Nf3 g6 3. Bf4 Bg7 4. e3 d5 5. Be2 O-O 6. c3 Nbd7 7. h4 h5 8. Nbd2 c5 9. Ne5 Nxe5 10. Bxe5 cxd4 11. exd4 Ng4 12. Bxg7 Kxg7 13. Bxg4 Bxg4 14. f3 Be6 15. Qe2 Qd6 16. Kf2 Rfe8 17. Rae1 Bf5 18. Nf1 f6 19. Ne3 Bd7 20. Qd2 Kf7 21. g3 a5 22. Ng2 b5 23. Qh6 Rh8 24. Qf4 Ra6 25. Re2 Bf5 26. Rhe1 e6 27. Qd2 Qf8 28. Ne3 Qh6 29. Qd1 Rd6 30. Qb3 Rb8 31. Qa3 Qf8 32. Nxf5 gxf5 33. Qxa5 Rdb6 34. a3 Qc8 35. Qb4 Qc7 36. f4 Rg8 37. Re3 Rg4 38. Qa5 Qb7 39. R1e2 Rg8 40. Qb4 Rc8 41. Qb3 Rg8 42. Qd1 Qe7 43. a4 bxa4 44. Qxa4 Qb7 45. b4 Ra8 46. Qd1 Qa6 47. Rb2 Kg6 48. Qe1 Qc8 49. Qd2 Qa6 50. Re1 Qc4 51. Rc1 Ra3 52. Rbc2 Qb3 53. Rb2 Qc4 54. Rbc2 1/2-1/2

[Event "Austrian Women Bundesliga 2023-24"]
[Site "Austria"]
[Date "2024.04.12"]
[Round "7"]
[White "Terbe, Zsuzsanna"]
[Black "Hrescak, Ivana"]
[Result "1-0"]
[ECO "E75"]
[WhiteElo "2178"]
[BlackElo "2089"]
[Annotator "TA"]
[PlyCount "191"]
[EventDate "2023.11.21"]
[EventType "team-tourn"]
[EventCountry "AUT"]
[SourceTitle "playchess.com"]
[Source "ChessBase"]
[SourceQuality "1"]
[TimeControl "40/5400+30:1800+30"]

1. d4 {[%emt 0:00:03] Edouard,Romain} Nf6 2. c4 g6 3. Nc3 Bg7 4. e4 d6 5. Be2 O-O 6. Bg5 c5 7. d5 e6 8. Qd2 exd5 9. exd5 Qe7 $146 {[%emt 0:14:21] E75: King's Indian: Averbakh Variation: 6...c5 7 d5 e6.} ({Predecessor:} 9... Bf5 10. Nf3 Qb6 11. Nh4 Ne4 12. Nxe4 Bxe4 13. f3 h6 14. Bxh6 Bxh6 15. Qxh6 Qxb2 16. Rc1 Bc2 17. O-O Nd7 18. Rf2 Ba4 19. Bd1 Qa3 20. Bxa4 Qxa4 21. f4 {1-0 Kryvoruchko,Y (2682)-Van Foreest,J (2682) Bundesliga 1920 final 2020 (3.1)}) 10. Nf3 Bg4 11. O-O Nbd7 12. Rae1 Rfe8 13. h3 Bxf3 14. Bxf3 Qf8 15. b3 a6 16. a4 Rxe1 17. Rxe1 Re8 18. Rxe8 Qxe8 19. Qe3 Qxe3 20. Bxe3 h6 21. Bd2 Ne8 22. a5 Kh7 23. Bd1 Be5 24. g4 Ng7 25. Kg2 f5 26. f4 Bf6 27. Bc2 Bd8 28. Nd1 h5 29. Ne3 hxg4 30. hxg4 fxg4 31. f5 Ne5 32. fxg6+ Nxg6 33. Nxg4 Nh5 34. Bf5 b6 35. axb6 Bxb6 36. Kf3 a5 37. Bg5 Kg7 38. Bh6+ Kf7 39. Be6+ Ke8 40. Bg5 Bd8 41. Bf7+ Kxf7 42. Bxd8 Ng7 43. Nh6+ Kf8 44. Bxa5 Ke7 $2 (44... Ne5+ $16 {was worth a try.} 45. Ke4 Nf7) 45. Bc3 $18 Ne8 46. Ng4 (46. Ke4 $18 {is more deadly.}) 46... Kd7 $2 (46... Kf8 $16 47. Nf2 Kf7) 47. Ke4 Ne7 48. Nh6 (48. Kf4 $142) 48... Nc7 $18 49. Nf7 Na6 (49... Ng8 {was called for.} 50. Ng5 Ke7) 50. Be1 Nc7 51. Bg3 Ne8 52. Bh4 Ng6 53. Bg5 Ne7 54. Bxe7 ({White should try} 54. Nh6 $16) 54... Kxe7 $14 55. Ng5 Ng7 56. Nh3 Kf7 57. Nf4 Kf6 58. Nd3 Ke7 59. b4 cxb4 60. Nxb4 Ke8 61. Nc6 Kd7 62. Nd4 Ne8 63. Kf5 Ke7 64. Kg6 Nc7 65. Nf5+ Kd7 66. Kf7 Na8 67. Kf6 Nb6 68. Ne3 Nc8 69. Kf5 Nb6 70. Ke4 Nc8 71. Kd3 Ne7 72. Kd4 Kc7 73. Ke4 Kd7 74. Nf5 Nc8 75. Kd4 Kc7 76. Kc3 Nb6 77. Kb4 Nd7 78. Nd4 Ne5 79. Kb5 Nf7 80. Nc6 Ng5 81. Nb4 Nf7 82. Nd3 Ng5 83. Nf4 Nf7 84. Ne6+ Kd7 85. Nf8+ Ke8 86. Ng6 Kd7 87. Kb6 Ng5 88. Nf8+ (88. Ka5 $14) 88... Ke7 $11 89. Kc7 Nf7 $2 {[%emt 0:01:19][%mdl 8192] [#]} (89... Kxf8 $11 90. Kxd6 Nf7+ 91. Kc7 Ke7) 90. Ng6+ $2 ({White must play} 90. Nd7 $1 $18 {aiming for Nb8.} Nh6 91. Nb6) 90... Ke8 $2 (90... Kf6 $11) 91. Nh4 Ne5 92. Nf5 ({Inferior is} 92. Kxd6 Nxc4+ 93. Kc5 Ne3 $11) 92... Nxc4 93. Nxd6+ Nxd6 94. Kxd6 Kd8 95. Kc6 Ke7 96. Kc7 1-0

[Event "Austrian Women Bundesliga 2023-24"]
[Site "Austria"]
[Date "2024.04.12"]
[Round "7"]
[White "Schloffer, Jasmin-Denise"]
[Black "Janzelj, Lara"]
[Result "0-1"]
[ECO "D10"]
[WhiteElo "2167"]
[BlackElo "2167"]
[Annotator "TA"]
[PlyCount "108"]
[EventDate "2023.11.21"]
[EventType "team-tourn"]
[EventCountry "AUT"]
[SourceTitle "playchess.com"]
[Source "ChessBase"]
[SourceQuality "1"]
[TimeControl "40/5400+30:1800+30"]

1. d4 d5 2. c4 c6 3. cxd5 cxd5 4. Nc3 Nf6 5. Bf4 Nc6 6. Nf3 a6 7. Rc1 Bf5 8. e3 e6 9. Bd3 Bxd3 10. Qxd3 Be7 11. h3 O-O 12. O-O b5 {[%emt 0:07:36] D13: Slav Defence: Exchange variation without ...Bf5.} 13. Ne5 Nxe5 14. Bxe5 Qa5 $146 ({Predecessor:} 14... Bd6 15. Bxd6 Qxd6 16. Rc2 b4 17. Na4 Rfc8 18. Rfc1 Rxc2 19. Rxc2 h6 20. Qd1 Rb8 {½-½ Katter,M (1386)-Pribozic,S (1520) AUT-ch U18 Girls 2019 (6)}) 15. Qb1 Rac8 16. Ne2 Nd7 17. Bg3 Rc4 18. b3 Rxc1 ({Better is} 18... Rcc8 $11) 19. Rxc1 $14 Ba3 20. Rc7 Nf6 21. Qc2 (21. Be5 $14) 21... Qe1+ $11 22. Kh2 Ne4 23. Bf4 (23. Nf4 $11 {remains equal.}) 23... Qxf2 24. Rc8 $2 (24. Ng3 $1 $15) 24... h6 $2 (24... g5 $19 25. Be5 Qxe3) 25. Ng3 $17 Nd2 (25... Qxc2 {simplifies} 26. Rxc2 Nf6 27. Nh1 a5) 26. Rxf8+ $4 (26. Kh1 $1 $15) 26... Bxf8 $19 27. Kh1 (27. Qd1 {only move.}) 27... g5 $19 28. Be5 Qe1+ (28... Qxe3 29. Qc8 $11) 29. Kh2 {[%emt 0:00:17] [#]} h5 $1 (29... Qxe3 30. Qc8 $11) 30. h4 Qf2 (30... Qxe3 31. Nxh5 Ne4 (31... gxh4 32. Nf6+ Kh8 33. Qh7#) 32. Qxe4 dxe4 33. Nf6+ Kg7 34. Ng4+ f6 35. Bxf6+ Kf7 36. Nxe3 $16) 31. Kh1 Qe1+ (31... gxh4 32. Nxh5 Qf1+ (32... Qxe3 33. Nf6+ Kh8 34. Qh7#) 33. Kh2 $19) (31... Qxe3 32. Qc1 Bg7 (32... gxh4 33. Nxh5 f5 34. Nf6+ Kf7 35. Qc6 $11) 33. Nxh5 Bxe5 34. dxe5 $19) 32. Kh2 Qf2 (32... Qxe3 33. Nxh5 f5 (33... gxh4 34. Nf6+ Kh8 35. Qh7#) (33... Ne4 34. Qxe4 dxe4 35. Nf6+ Kg7 36. Ng4+ f6 37. Bxf6+ Kf7 38. Nxe3 $16) 34. Nf6+ Kf7 35. Qc6 Nf3+ (35... gxh4 36. Qe8+ Kg7 37. Qd7+) (35... Nf1+ 36. Kh1 $11) 36. gxf3 Qf2+ 37. Kh3 Qf1+ 38. Kh2 Qe2+ (38... Qf2+ 39. Kh3 $11) 39. Kg1 Qe1+ 40. Kg2 Qe2+ 41. Kg1 Qe1+ 42. Kg2 Qe2+ 43. Kh1 Qf1+ 44. Kh2 Qf2+ 45. Kh1 Qf1+ 46. Kh2 $11) (32... g4 $142 33. Qd3 Bg7) 33. Kh1 $1 $19 Ne4 (33... gxh4 34. Nxh5 Qf1+ (34... Qxe3 35. Nf6+ Kh8 36. Qh7#) 35. Kh2 $19) (33... Qxe3 34. Qc1 Bg7 (34... gxh4 35. Nxh5 f5 36. Nf6+ Kf7 37. Qc8 $11) 35. Nxh5 Bxe5 36. dxe5 $19) (33... Bg7 $142 34. Qc7 Qxe3 (34... gxh4 $2 35. Qd8+ Kh7 36. Qxh4 $19) 35. Qb8+ Kh7 36. Bxg7 Kxg7 37. hxg5 Qxg5 (37... Qxd4 $2 38. Nxh5+ Kg6 39. Ng3 $19)) 34. Qxf2 $19 Nxf2+ 35. Kg1 Ng4 36. Nxh5 $2 (36. hxg5 h4 (36... Nxe3 37. Nxh5 Nd1 38. Nf6+ Kg7 39. Nxd5+ Kg6 40. Nc7 $11) (36... Nxe5 37. dxe5 h4 38. Ne2 $17) 37. Ne2 (37. Nh5 $2 Nxe5 38. Nf6+ Kg7 $19)) 36... Nxe5 $19 ({Weaker is} 36... gxh4 37. Nf6+ Nxf6 38. Bxf6 $14) 37. dxe5 gxh4 38. Nf6+ Kg7 39. Ne8+ $2 (39. Nd7) 39... Kg6 $19 40. Nc7 Kf5 41. Nxa6 b4 42. Nb8 Bc5 43. Kf2 Kxe5 44. Nd7+ Kd6 45. Nf6 e5 (45... d4 $142 46. Ne4+ Kd5 47. Nf6+ Kc6) 46. Ke2 $2 (46. Ne8+ Ke7 47. Nc7) 46... Ke6 47. Ng4 f5 48. Nh2 e4 49. Nf1 Ke5 (49... Kf6 $142 50. Nd2 Kg5) 50. Nd2 f4 51. exf4+ Kxf4 52. Nf1 Bd4 53. Kd2 Bc3+ 54. Ke2 d4 0-1

[Event "Austrian Women Bundesliga 2023-24"]
[Site "Austria"]
[Date "2024.04.12"]
[Round "7"]
[White "Exler, Veronika"]
[Black "Kordzadze, Nino"]
[Result "1-0"]
[ECO "C00"]
[WhiteElo "2157"]
[BlackElo "1976"]
[Annotator "TA"]
[PlyCount "117"]
[EventDate "2023.11.21"]
[EventType "team-tourn"]
[EventCountry "AUT"]
[SourceTitle "playchess.com"]
[Source "ChessBase"]
[SourceQuality "1"]
[TimeControl "40/5400+30:1800+30"]

1. e4 e6 2. d4 d5 3. Bd3 dxe4 4. Bxe4 Nf6 5. Bf3 c5 6. Ne2 Be7 7. Be3 O-O 8. dxc5 Qxd1+ {[%emt 0:03:06] The position is equal.} 9. Kxd1 e5 10. Nbc3 Nc6 11. a3 a5 12. Kc1 Rd8 13. Rd1 Rxd1+ 14. Kxd1 Be6 {Prevents Nd5.} 15. Ke1 Bf5 16. Bxc6 bxc6 17. Rc1 Ng4 18. Ng3 Bg6 19. Nge4 f5 20. Bg5 $1 Bf8 21. Nd6 a4 (21... Nxh2 $2 22. f3 $18) 22. h3 Nf6 23. Bxf6 gxf6 24. Rd1 $1 {[%emt 0:00:30] White is more active.} f4 25. Nce4 {[%emt 0:00:14] Excellent horsemanship.} (25. Nde4 $16) 25... Be7 $14 26. f3 f5 (26... Kf8 $11 {remains equal.}) 27. Nf2 Ra5 ({Black should try} 27... Bh4 $1 $14) 28. Nd3 $18 e4 29. Nxf4 (29. fxe4 $18 fxe4 30. Nxf4 Rxc5 31. Nxg6 hxg6 32. c3 (32. Nxe4 Rxc2 33. Rd2 Rc4 $16)) 29... Rxc5 $16 30. Nxg6 ({White should play} 30. c3 $1 $16) 30... hxg6 $18 {[%emt 0:00:05][%mdl 4096] Endgame. KRB-KRN} 31. c3 exf3 32. gxf3 Bg5 (32... Re5+ $11 33. Kf1 Re3) 33. Kf1 (33. Rd4 $1 $16) 33... Bh4 (33... Be3 $11) 34. Rd4 $16 Bg3 35. Nb7 (35. Nc8 $16) 35... Re5 36. Kg2 f4 37. Re4 (37. Rxa4 Re2+ 38. Kg1 Rxb2 $11) (37. Rd8+ $14 Kg7 38. Rd2 (38. Rd7+ Kh6 $11)) 37... Rd5 38. Re2 (38. Rxa4 Rd2+ 39. Kg1 Rxb2) 38... Bh4 39. c4 Rd4 (39... Rg5+ $5 40. Kh2 Rg3 $11) 40. Na5 Kg7 (40... c5 $11) 41. Rc2 (41. c5 $14 Rd5 42. Rc2 (42. Nxc6 Rxc5 43. Nd4 Kf7 $11)) 41... c5 $11 42. b4 cxb4 43. axb4 a3 44. b5 Be1 45. Nb3 (45. Nc6 Rd3 46. b6 Rb3 $19) 45... Rd3 46. Nc1 Rd2+ 47. Rxd2 Bxd2 {[%emt 0:00:04] KB-KN} 48. Na2 Be3 49. Kf1 $1 Kf6 {[%emt 0:01:00] ...Ke5 would now be deadly.} 50. Ke2 Ke5 51. Kd3 {[%emt 0:00:01] And now Kc3 would win.} Bc5 $2 {[%emt 0:01:28][%mdl 8192] Black cannot hold the game after this.} (51... Bb6 $14) 52. Kc3 $18 {[%emt 0:00:27] Hoping for Nc1.} g5 $2 {[%emt 0:04:29] [#]} (52... Bb6 53. Kb3 Bc5 (53... Kd4 54. Nb4 $16)) 53. Nc1 $1 {[%emt 0:01:04] White wants to mate with Nd3+.} Bd4+ 54. Kb3 Bb6 {[%emt 0:00:12] [#]} 55. Ne2 (55. Kxa3 Kd4 $16) 55... Bc5 56. Ka2 Bb4 (56... Be7 $142 57. Nc3 (57. b6 Kd6 $18) 57... Kd4) 57. b6 Kd6 58. Nd4 {[%emt 0:00:15] Intending b7 and mate.} Ba5 59. b7 {[%emt 0:00:30] Weighted Error Value: White=0.15 (very precise) /Black=0.44.  Loses game:     	---       	Black=1      Mistake:       	White=7     	Black=7      Inaccurate:     	White=3     	Black=5      OK:         	White=19    	Black=19     Best:        	White=6     	Black=3      Strong:       	White=4     	---} 1-0

[Event "Austrian Women Bundesliga 2023-24"]
[Site "Austria"]
[Date "2024.04.12"]
[Round "7"]
[White "Vidic, Teja"]
[Black "Karacsonyi, Kata"]
[Result "0-1"]
[ECO "B30"]
[WhiteElo "2125"]
[BlackElo "2137"]
[Annotator "TA"]
[PlyCount "92"]
[EventDate "2023.11.21"]
[EventType "team-tourn"]
[EventCountry "AUT"]
[SourceTitle "playchess.com"]
[Source "ChessBase"]
[SourceQuality "1"]
[TimeControl "40/5400+30:1800+30"]

1. e4 c5 2. Nf3 Nc6 3. Bb5 e5 4. O-O Bd6 5. d4 Nxd4 6. Nxd4 {[%emt 0:15:01] B30: Sicilian: 2...Nc6 3 Bb5, lines without ...g6.} cxd4 7. c3 Qc7 $146 ({Predecessor:} 7... Bc5 8. b4 Bb6 9. a4 a6 10. Bd3 Nf6 11. a5 Ba7 12. b5 axb5 13. Na3 dxc3 14. Nxb5 {0-1 So,W (2760)-Carlsen,M (2853) Chessable Masters Div 1 Lose rapid 2023 (2.1)}) 8. cxd4 exd4 9. Qxd4 Bxh2+ 10. Kh1 Be5 11. Qd3 a6 12. Bc4 (12. f4 $5 axb5 13. fxe5 $11) 12... Ne7 13. f4 Bd6 (13... d5 $11 14. Bxd5 Bf6 (14... Nxd5 15. exd5 Bd6 16. Re1+ Kf8 17. Nc3 $11)) 14. e5 (14. Nc3 $16) 14... Bc5 $11 15. b4 (15. Nc3 $11 {keeps the balance.} d5 16. Nxd5) 15... Ba7 ({Better is} 15... d5 $1 $17 16. Bxd5 Bxb4) 16. Nc3 $11 Qb6 (16... b5 $11 17. Bd5 Nxd5 18. Nxd5 Qc6) 17. Ne4 $2 ({White must play} 17. f5 $16 Qd4 18. Bg5 Qxd3 19. Bxd3) 17... Qh6+ $11 (17... Qxb4 $2 18. Nd6+ Kf8 19. f5 $18 (19. Nxf7 b5 $18) (19. Bxf7 Bc5 $18)) 18. Qh3 Qxh3+ 19. gxh3 Nf5 20. a4 b5 21. Bd5 (21. axb5 $2 Bb7 22. Re1 axb5 $19 (22... Bxe4+ $2 23. Rxe4 Ng3+ 24. Kg2 $19)) 21... Rb8 22. Nd6+ ({White should play} 22. Kh2 $15) 22... Nxd6 $17 23. exd6 O-O 24. f5 (24. Rd1 $17) 24... Bd4 $1 $19 25. Ra2 Re8 (25... bxa4 $1 $19 {has better winning chances.} 26. Rxa4 Rb5) 26. Rd1 (26. a5 $142) 26... Bc3 $1 $17 27. Bd2 Be5 28. Be3 {[%emt 0:05:57] [#]} bxa4 $1 (28... Bxd6 29. Ba7 Rb7 30. Bxb7 Bxb7+ 31. Kg1 Bxb4 32. axb5 axb5 33. Rxd7 $15) 29. Bc5 a5 30. Rxa4 (30. bxa5 $2 Rb5 31. Rxa4 Rxc5 $19) 30... Bc3 (30... axb4 $17 {aiming for ...b3.} 31. Rxb4 Rxb4 32. Bxb4 Ba6) 31. Rxa5 $11 (31. bxa5 Rb5 32. a6 (32. Bb6 $2 Rxd5 33. Rxd5 Bb7 $19) 32... Bxa6 (32... Rxc5 33. a7 $11) 33. Rxa6 Rxc5) 31... Bxb4 32. Rb1 (32. Bxb4 $5 Rxb4 33. Ra8 $15) 32... Re1+ (32... Bxc5 33. Rxb8 Bxd6 34. Rb1 $18) 33. Rxe1 Bxe1 34. Ra7 g6 35. fxg6 hxg6 36. Bd4 Bb4 37. Be5 {[%emt 0:00:27] [#]} Bc5 (37... Kh7 $1 $17 {Strongly threatening ...Rb5.} 38. Rc7 f5) 38. Ra4 $11 Bb4 39. Kh2 g5 40. Kg3 (40. Bc4 $11) 40... Rb5 $17 41. Ra8 $2 (41. Bc4 $17 Be1+ (41... Rxe5 42. Rxb4 Kg7 43. Rb5 $17) 42. Kh2 Rxe5 43. Ra8) 41... Rxd5 $19 42. Rxc8+ Kh7 43. Bb2 Kg6 ({Weaker is} 43... Rxd6 44. Kg4 $17) 44. Kf3 Kf5 ({And not} 44... Bxd6 45. Ke4 Rd2 46. Rg8+ Kh5 47. Rh8+ Kg6 48. Rg8+ Kh6 49. Rh8+ Kg6 50. Rg8+ $11) 45. Ke3 Bxd6 46. h4 $2 (46. Ke2 $19) 46... Bf4+ 0-1